 Dungeon Crawl Stone Soup version 0.32-a0-768-g0f6f1dd4b9 (webtiles) character file.

Game seed: 13478265365435864282

1499 Fodor the Cleaver (level 8, -5/70 HPs)
             Began as a Minotaur Fighter on Mar 18, 2024.
             Slain by a gnoll sergeant
             ... wielding a +2 trident of freezing
              (14 damage)
             ... on level 5 of the Dungeon.
             The game lasted 00:12:16 (3687 turns).

Fodor the Cleaver (Minotaur Fighter)                Turns: 3687, Time: 00:12:16

Health: -5/70      AC: 14    Str: 24    XL:     8   Next: 52%
Magic:  7/7        EV:  8    Int:  5    God:
Gold:   297        SH:  4    Dex:  9    Spells: 7/7 levels left

rFire   . . .        r - +0 hand axe (heavy)
rCold   . . .        c - +0 buckler
rNeg    . . .        b - +0 chain mail
rPois   .            l - +1 hat
rElec   .            y - +0 cloak
rCorr   .            (no gloves)
SInv    .            v - +0 pair of boots
Will    .....        (no amulet) Stlth
                     (no ring)
HPRegen 0.31/turn    (no ring)
MPRegen 0.10/turn

%: no passive effects
@: no status effects
A: horns 2, retaliatory headbutt
a: no special abilities


You were on level 5 of the Dungeon.
You visited 1 branch of the dungeon, and saw 5 of its levels.

You collected 317 gold pieces.
You spent 20 gold pieces at shops.

Inventory:

Hand Weapons
 a - a +0 war axe
 r - a +0 heavy hand axe (weapon)
Armour
 b - a +0 chain mail (worn)
 c - a +0 buckler (worn)
 l - a +1 hat (worn)
 v - a +0 pair of boots (worn)
 y - a +0 cloak (worn)
Jewellery
 g - a ring of wizardry
 w - an amulet of reflection
Wands
 i - a wand of polymorph (10)
Scrolls
 e - a scroll of noise
 h - a scroll of teleportation
 m - a scroll of amnesia
 n - a scroll of fear {unknown}
 o - a scroll of poison {unknown}
 p - 2 scrolls of revelation {unknown}
Potions
 d - a potion of might
 f - a potion of enlightenment {unknown}
 j - a potion of haste
 k - a potion of degeneration {unknown}
 q - a potion of magic {unknown}
 s - 2 potions of curing {unknown}
 t - a potion of ambrosia {unknown}
 u - 2 potions of resistance {unknown}
 x - a potion of heal wounds {unknown}


   Skills:
 + Level 6.1 Fighting
 + Level 8.2 Axes
 + Level 8.1 Armour
 + Level 2.0 Dodging
 + Level 1.0 Stealth
 + Level 5.2 Shields


You had 7 spell levels left.
You didn't know any spells.
Your spell library contained the following spells:

 Spells                   Type           Power      Damage    Failure   Level
 Brom's Barrelling Bould  Conj/Erth      0%         2d3       100%        4
 Fireball                 Conj/Fire      0%         3d3       100%        5
 Iskenderun's Battlesphe  Conj           0%         2d6       100%        5
 Conjure Ball Lightning   Conj/Air       0%         3x3d6     100%        6
 Orb of Destruction       Conj           0%         9d5       100%        7


Dungeon Overview and Level Annotations

Branches:
Dungeon (5/15)
 Temple: D:4-7

Altars:
Beogh

Shops:
D:2 :   D:4 :*


Innate Abilities, Weirdness & Mutations

You have a pair of horns on your head.
You reflexively headbutt those who attack you in melee.


Message History

You barely miss the gnoll.
The gnoll is severely wounded.
You feel sick. The gnoll hits you but does no damage.
The gnoll hits you with a +0 halberd.
* * * LOW HITPOINT WARNING * * *
You slash the gnoll!
You kill the gnoll!
You feel sick. The gnoll barely misses you.
The gnoll hits you but does no damage.
You feel sick.
You are no longer poisoned.
The gnoll attacks as it pursues you! The gnoll hits you but does no damage.
The gnoll barely misses you.
You slash the gnoll!
The gnoll is almost dead.
The gnoll hits you but does no damage.
You hit the gnoll.
The gnoll is almost dead.
You block the gnoll's attack. The gnoll hits you but does no damage.
You slash the gnoll!
You kill the gnoll!
The orc closely misses you. You furiously retaliate!
You headbutt the orc!
You kill the orc!
The gnoll misses you. You furiously retaliate!
You headbutt the gnoll!
Things that are here:
a +0 falchion; a +0 spear You slash the gnoll!
You kill the gnoll!
You slash the orc!
You kill the orc!
The gnoll sergeant hits you from afar with a +2 trident of freezing!
* * * LOW HITPOINT WARNING * * *
The gnoll sergeant freezes you.
* * * LOW HITPOINT WARNING * * *
The gnoll sergeant hits you but does no damage.
Items here: ( )) [ ††.
You slice the gnoll sergeant!!
The gnoll sergeant is almost dead.
The gnoll sergeant hits you with a +2 trident of freezing!
You die...

#.###.........##########
..............).........
~~~~~≈~~≈~....†~~≈~~~~~~
≈≈≈≈≈~≈≈≈~....~≈≈≈≈~≈~~≈
~~~~~~~~~~....~~~~≈~~~~~
........................
##########''''##########
#...o#######
+..gggg@)..+
#..go####### ##''##
....o ...gg...
.........g. ......$o....
######++#####


You could see a gnoll sergeant, 4 gnolls and 2 orcs.

Vanquished Creatures
  Pikel (D:4)
  Grinder (D:3)
  Eustachio (D:4)
  A lemure (D:4)
  Blork the orc (D:4)
  2 scorpions (D:5)
  2 hounds (D:5)
  Crazy Yiuf (D:4)
  3 orc priests
  Terence (D:3)
  Natasha (thrice) (D:2)
  2 orc wizards (D:3)
  Robin (D:3)
  4 gnolls (D:5)
  6 adders
  4 dart slugs
  A ribbon worm (D:2)
  12 orcs
  3 bats
  9 endoplasms
  3 giant cockroaches
  11 goblins
  8 hobgoblins
  13 jackals
  2 quokkas
  6 ball pythons
  3 frilled lizards
  5 kobolds
  3 rats
113 creatures vanquished.

Notes
Turn   | Place    | Note
-------+----------+-------------------------------------------
     0 | D:1      | Fodor the Minotaur Fighter began the quest for the Orb.
     0 | D:1      | Reached XP level 1. HP: 19/19 MP: 0/0
   382 | D:1      | Reached XP level 2. HP: 27/27 MP: 1/1
   633 | D:2      | Noticed Natasha
   639 | D:2      | Killed Natasha
   640 | D:2      | Reached XP level 3. HP: 17/33 MP: 2/2
   740 | D:2      | Noticed Natasha
   745 | D:2      | Killed Natasha
   793 | D:2      | Reached XP level 4. HP: 40/40 MP: 3/3
   871 | D:2      | Found Siuf's Book Shoppe.
   902 | D:2      | Noticed Natasha
   909 | D:2      | Killed Natasha
   953 | D:2      | Reached skill level 5 in Armour
  1174 | D:2      | Found a faded altar of an unknown god.
  1418 | D:3      | Reached XP level 5. HP: 47/47 MP: 4/4
  1615 | D:3      | Noticed Terence
  1616 | D:3      | Noticed Robin
  1627 | D:3      | Killed Terence
  1636 | D:3      | Killed Robin
  1753 | D:3      | Found a roughly hewn altar of Beogh.
  1766 | D:3      | Reached XP level 6. HP: 40/55 MP: 5/5
  1859 | D:3      | Noticed Grinder
  1865 | D:3      | Killed Grinder
  1866 | D:3      | Reached skill level 5 in Fighting
  1866 | D:3      | Reached skill level 5 in Axes
  1866 | D:3      | Reached skill level 1 in Dodging
  2371 | D:4      | Noticed Blork the orc
  2383 | D:4      | Killed Blork the orc
  2384 | D:4      | Reached XP level 7. HP: 35/61 MP: 6/6
  2547 | D:4      | Noticed Pikel
  2559 | D:4      | Killed Pikel
  2698 | D:4      | Reached XP level 8. HP: 69/69 MP: 7/7
  2754 | D:4      | Noticed Eustachio
  2782 | D:4      | Killed Eustachio
  2783 | D:4      | Reached skill level 5 in Shields
  3061 | D:4      | Found a runed translucent door.
  3062 | D:4      | Noticed Crazy Yiuf
  3116 | D:4      | Found Myfrosiy's General Store.
  3117 | D:4      | Found Ysion's Book Emporium.
  3122 | D:4      | Bought a scroll of identify for 20 gold pieces
  3349 | D:4      | Killed Crazy Yiuf
  3350 | D:4      | Reached skill level 1 in Stealth
  3394 | D:5      | Entered Level 5 of the Dungeon
  3590 | D:5      | Identified the +0 pair of gloves "Yppauz" {rN+ Str-5 Int+4}
  3687 | D:5      | Slain by a gnoll sergeant

Illustrated notes

Levels and vault maps discovered:
D:1:      psy_arrival_spokes, layout_basic
D:2:      layout_rooms, hellmonk_ecumenical_altar_prayer_group, serial_shops,
          nicolae_shop_pleasant_corner_grove, uniq_natasha
D:3:      layout_basic, grunt_ministairs_13, kennysheep_orc_chapel,
          uniq_terence, uniq_robin, uniq_grinder
D:4:      layout_gridville, kennysheep_decorative_pillar,
          nicolae_wooded_promenade, uniq_crazy_yiuf_cottage, uniq_eustachio,
          uniq_blork_the_orc, uniq_pikel
D:5:      lemuel_castle_with_subvaults [lemuel_castle_interior_original],
          layout_loops_ring, minmay_temple_entry_ruins,
          hangedman_abyss_or_decor_jellyfish_corner, uniq_duvessa

Skill      XL: |  1  2  3  4  5  6  7  8 |
---------------+-------------------------+-----
Armour         | 4 5 6 7 8 |  8.1
Fighting       | 4 5 6 |  6.1
Axes           | 3 4 5 7 8 |  8.2
Shields        | 4 5 |  5.2
Dodging        | 1 2 |  2.0
Stealth        | 1 |  1.0

Action                     |  1- 3 |  4- 6 |  7- 9 || total
---------------------------+-------+-------+-------++-------
  Melee: War axe           |    33 |    45 |       ||    78
         Headbutt          |     5 |    15 |    14 ||    34
         Hand axe          |       |    65 |    89 ||   154
    Use: Scroll            |       |       |     3 ||     3
         Potion            |       |       |     2 ||     2
 Armour: Scale mail        |    36 |   100 |       ||   136
         Chain mail        |       |    38 |   127 ||   165
         Skin              |       |       |     3 ||     3
  Dodge: Dodged            |    12 |    61 |    86 ||   159
  Block: Buckler           |     8 |    27 |    37 ||    72

Table legend: (Time is in decaauts)
 A = Elapsed time spent in this place.
 B = Non-inter-level travel time spent in this place.
 C = Inter-level travel time spent in this place.
 D = Time resting spent in this place.
 E = Time spent auto-exploring this place.
 F = Levels seen in this place.
 G = Mean time per level.
                   A        B        C        D        E       F      G
               +--------+--------+--------+--------+--------+-----+--------+
         Total |   3791 |   3711 |     80 |     59 |   2665 |   5 |  758.2 |
       Dungeon |   3791 |   3711 |     80 |     59 |   2665 |   5 |  758.2 |
               +--------+--------+--------+--------+--------+-----+--------+

Top non-repeatable levels by time:
     D:3: 1180 daAuts
     D:4: 1046 daAuts
     D:1: 641 daAuts
     D:2: 614 daAuts
     D:5: 307 daAuts
